PBL
PALM BEACH NATIONALS @ PORTLAND ANGELS
07/29/2049
 
TOP OF THE 1ST
Palm Beach Nationals batting - Pitching for Portland Angels : RHP Lense Heus
Pitching: RHP Lense Heus
Batting: RHB Lou Ortman 0-0: Foul Ball, location: 2F
0-1: Ball
1-1: Called Strike
1-2: Foul Ball, location: 2F
1-2: Ball
2-2: Strikes out swinging
Batting: LHB Ken Westfall 0-0: Ground out 5-3 (Groundball, 5, EV 81.9 MPH)
Batting: LHB Dusty Jones 0-0: Called Strike
0-1: DOUBLE (Flyball, 9LD, EV 91.9 MPH)
Batting: LHB Mike Trentham 0-0: Ball
1-0: Called Strike
1-1: Called Strike
1-2: Strikes out swinging
Top of the 1st over - 0 runs, 1 hit, 0 errors, 1 left on base; Palm Beach 0 - Portland 0
BOTTOM OF THE 1ST
Portland Angels batting - Pitching for Palm Beach Nationals : LHP Billy Edwards
Pitching: LHP Billy Edwards
Batting: RHB Jose Garduno 0-0: Ball
1-0: Ball
2-0: Ball
3-0: Called Strike
3-1: Base on Balls
Batting: RHB Ken Beck 0-0: Grounds into double play, 6-4-3 (Groundball, 6, EV 97.5 MPH)
Batting: RHB Joe Keough 0-0: Ball
1-0: Foul Ball, location: 2F
1-1: Swinging Strike
1-2: Fly out, F8 (Flyball, 8LM, EV 80.0 MPH)
Bottom of the 1st over - 0 runs, 0 hits, 0 errors, 0 left on base; Palm Beach 0 - Portland 0
TOP OF THE 2ND
Palm Beach Nationals batting - Pitching for Portland Angels : RHP Lense Heus
Batting: RHB Ben Lowe 0-0: Foul Ball, location: 2F
0-1: Foul Ball, location: 2F
0-2: Ball
1-2: Strikes out looking
Batting: SHB Tim Schulz 0-0: Swinging Strike
0-1: Foul Ball, location: 2F
0-2: Foul Ball, location: 2F
0-2: Ball
1-2: Strikes out swinging
Batting: RHB Larry Myers 0-0: Foul Ball, location: 2F
0-1: Foul Ball, location: 2F
0-2: Strikes out swinging
Top of the 2nd over - 0 runs, 0 hits, 0 errors, 0 left on base; Palm Beach 0 - Portland 0
BOTTOM OF THE 2ND
Portland Angels batting - Pitching for Palm Beach Nationals : LHP Billy Edwards
Batting: RHB Mario Martinez 0-0: Ball
1-0: Ball
2-0: Foul Ball, location: 2F
2-1: Ground out 5-3 (Groundball, 5, EV 101.2 MPH)
Batting: RHB Jayden Hollaway 0-0: Ball
1-0: SINGLE (Line Drive, 8RS, EV 108.1 MPH)
Batting: LHB John Harvey 0-0: Swinging Strike
0-1: Called Strike
0-2: Fly out, F7 (Flyball, 78S, EV 91.2 MPH)
Batting: RHB Dan Contreras 0-0: Fly out, F9 (Line Drive, 9S, EV 93.1 MPH)
Bottom of the 2nd over - 0 runs, 1 hit, 0 errors, 1 left on base; Palm Beach 0 - Portland 0
TOP OF THE 3RD
Palm Beach Nationals batting - Pitching for Portland Angels : RHP Lense Heus
Batting: RHB Mike Hayes 0-0: Fly out, F8 (Flyball, 8LD, EV 106.9 MPH)
Batting: RHB Abdul-Ra'uf bin Maimun 0-0: Called Strike
0-1: Foul Ball, location: 2F
0-2: Ball
1-2: Strikes out swinging
Batting: RHB Lou Ortman 0-0: Called Strike
0-1: Ball
1-1: Ground out 6-3 (Groundball, 6, EV 90.0 MPH)
Top of the 3rd over - 0 runs, 0 hits, 0 errors, 0 left on base; Palm Beach 0 - Portland 0
BOTTOM OF THE 3RD
Portland Angels batting - Pitching for Palm Beach Nationals : LHP Billy Edwards
Batting: RHB Bob Dewar 0-0: Ball
1-0: Called Strike
1-1: Swinging Strike
1-2: Strikes out swinging
Batting: LHB Matt Herndon 0-0: DOUBLE (Line Drive, 7LS, EV 93.8 MPH)
Batting: RHB Jose Garduno 0-0: Called Strike
0-1: Fly out, F8 (Flyball, 8RS, EV 88.1 MPH)
Batting: RHB Ken Beck 0-0: Called Strike
0-1: Ball
1-1: Fly out, F8 (Line Drive, 8LM, EV 90.0 MPH)
Bottom of the 3rd over - 0 runs, 1 hit, 0 errors, 1 left on base; Palm Beach 0 - Portland 0
TOP OF THE 4TH
Palm Beach Nationals batting - Pitching for Portland Angels : RHP Lense Heus
Batting: LHB Ken Westfall 0-0: Called Strike
0-1: Ground out 4-3 (Groundball, 4, EV 101.2 MPH)
Batting: LHB Dusty Jones 0-0: Foul Ball, location: 2F
0-1: Foul Ball, location: 2F
0-2: Ball
1-2: Strikes out looking
Batting: LHB Mike Trentham 0-0: Called Strike
0-1: Ball
1-1: Foul Ball, location: 2F
1-2: Ground out 1-3 (Groundball, P, EV 70.0 MPH)
Top of the 4th over - 0 runs, 0 hits, 0 errors, 0 left on base; Palm Beach 0 - Portland 0
BOTTOM OF THE 4TH
Portland Angels batting - Pitching for Palm Beach Nationals : LHP Billy Edwards
Batting: RHB Joe Keough 0-0: Ball
1-0: Fly out, F7 (Flyball, 78S, EV 85.0 MPH)
Batting: RHB Mario Martinez 0-0: Ball
1-0: Ball
2-0: Ball
3-0: Base on Balls
Batting: RHB Jayden Hollaway 0-0: Ball
1-0: Fielders Choice at 2nd, 5-4 (Groundball, 56, EV 95.0 MPH)
Batting: LHB John Harvey 0-0: Ground out 2-3 (Groundball, 2R, EV 74.4 MPH)
Bottom of the 4th over - 0 runs, 0 hits, 0 errors, 1 left on base; Palm Beach 0 - Portland 0
TOP OF THE 5TH
Palm Beach Nationals batting - Pitching for Portland Angels : RHP Lense Heus
Batting: RHB Ben Lowe 0-0: Ball
1-0: Ball
2-0: Called Strike
2-1: Called Strike
2-2: Ball
3-2: Foul Ball, location: 2F
3-2: Strikes out looking
Batting: SHB Tim Schulz 0-0: Ball
1-0: Called Strike
1-1: Swinging Strike
1-2: Foul Ball, location: 2F
1-2: Ball
2-2: Ball
3-2: Strikes out swinging
Batting: RHB Larry Myers 0-0: Hit by Pitch
Batting: RHB Mike Hayes 0-0: 2-RUN HOME RUN (Flyball, 7D, EV 93.1 MPH), Distance : 360 ft
Batting: RHB Abdul-Ra'uf bin Maimun 0-0: Ball
1-0: Ball
2-0: Called Strike
2-1: SINGLE (Groundball, 6MD, EV 108.8 MPH)
Batting: RHB Lou Ortman 0-0: Ball
1-0: Called Strike
1-1: Ball
2-1: 2-RUN HOME RUN (Line Drive, 78XD, EV 98.1 MPH), Distance : 392 ft
Batting: LHB Ken Westfall 0-0: Called Strike
0-1: Reached on error, E3 (Groundball, 34S, EV 84.4 MPH)
Batting: LHB Dusty Jones 0-0: Ball
Ken Westfall is caught stealing 2nd base 2-6
Top of the 5th over - 4 runs, 3 hits, 1 error, 0 left on base; Palm Beach 4 - Portland 0
BOTTOM OF THE 5TH
Portland Angels batting - Pitching for Palm Beach Nationals : LHP Billy Edwards
Batting: RHB Dan Contreras 0-0: Foul Ball, location: 2F
0-1: Ball
1-1: Ball
2-1: Ball
3-1: SINGLE (Groundball, 6MD, EV 96.9 MPH)
Batting: RHB Bob Dewar 0-0: Ball
1-0: Grounds into double play, 5-4-3 (Groundball, 56S, EV 78.8 MPH)
Batting: LHB Matt Herndon 0-0: Foul Ball, location: 2F
0-1: Fly out, F4 (Popup, 4, EV 70.0 MPH)
Bottom of the 5th over - 0 runs, 1 hit, 0 errors, 0 left on base; Palm Beach 4 - Portland 0
TOP OF THE 6TH
Palm Beach Nationals batting - Pitching for Portland Angels : RHP Lense Heus
Batting: LHB Dusty Jones 0-0: Ball
1-0: Hit by Pitch
Batting: LHB Mike Trentham 0-0: Ball
1-0: Ball
2-0: Called Strike
2-1: Ground out 4-3 (Groundball, 34S, EV 90.0 MPH)
Dusty Jones to second
Batting: RHB Ben Lowe 0-0: Foul Ball, location: 2F
0-1: Swinging Strike
0-2: Ball
1-2: Strikes out swinging
Pitching: RHP David Celestine
Batting: SHB Tim Schulz 0-0: Ball
1-0: Foul Ball, location: 2F
1-1: Ball
2-1: Called Strike
2-2: Ball
3-2: Fly out, F8 (Flyball, 8LM, EV 80.6 MPH)
Top of the 6th over - 0 runs, 0 hits, 0 errors, 1 left on base; Palm Beach 4 - Portland 0
BOTTOM OF THE 6TH
Portland Angels batting - Pitching for Palm Beach Nationals : LHP Billy Edwards
Batting: RHB Jose Garduno 0-0: Called Strike
0-1: Ball
1-1: Ball
2-1: Called Strike
2-2: DOUBLE (Line Drive, 5D, EV 99.4 MPH)
Batting: RHB Ken Beck 0-0: Ball
1-0: Foul Ball, location: 2F
1-1: Ball
2-1: SINGLE (Flyball, 9LS, EV 96.2 MPH)
Jose Garduno to third
Runner from 3rd tries for Home, SAFE, throw by RF to home
Batting: RHB Joe Keough 0-0: Ball
1-0: Swinging Strike
1-1: Ball
2-1: Foul Ball, location: 2F
2-2: Foul Ball, location: 2F
2-2: Foul Ball, location: 2F
2-2: Foul Ball, location: 2F
2-2: Foul Ball, location: 2F
2-2: Ball
3-2: Ground out U3 (Groundball, 3L, EV 98.8 MPH)
Ken Beck to second
Batting: RHB Mario Martinez 0-0: Foul Ball, location: 2F
0-1: Ball
1-1: Called Strike
1-2: Ball
2-2: Ball
3-2: Foul Ball, location: 2F
3-2: Ground out U3 (Groundball, 34, EV 88.1 MPH)
Ken Beck to third
Batting: RHB Jayden Hollaway 0-0: Ball
1-0: Called Strike
1-1: Fly out, F3 (Popup, 3F, EV 75.6 MPH)
Bottom of the 6th over - 1 run, 2 hits, 0 errors, 1 left on base; Palm Beach 4 - Portland 1
TOP OF THE 7TH
Palm Beach Nationals batting - Pitching for Portland Angels : RHP David Celestine
Batting: RHB Larry Myers 0-0: Called Strike
0-1: Ball
1-1: Ball
2-1: Ball
3-1: Base on Balls
Batting: RHB Mike Hayes 0-0: Ball
1-0: Foul Ball, location: 2F
1-1: Foul Ball, location: 2F
1-2: Ball
2-2: Strikes out swinging
Batting: RHB Abdul-Ra'uf bin Maimun Pickoff Throw to First - Out! 1-3 CS
0-0: Ball
1-0: Ground out 6-3 (Groundball, 6S, EV 90.0 MPH)
Top of the 7th over - 0 runs, 0 hits, 0 errors, 0 left on base; Palm Beach 4 - Portland 1
BOTTOM OF THE 7TH
Portland Angels batting - Pitching for Palm Beach Nationals : LHP Billy Edwards
Batting: LHB John Harvey 0-0: DOUBLE (Line Drive, 9LM, EV 108.1 MPH)
Batting: RHB Dan Contreras 0-0: Foul Ball, location: 2F
0-1: Ball
1-1: 2-RUN HOME RUN (Flyball, 7LD, EV 93.1 MPH), Distance : 346 ft
Batting: RHB Bob Dewar 0-0: Ball
1-0: Ball
2-0: Foul Ball, location: 2F
2-1: SOLO HOME RUN (Flyball, 78XD, EV 96.9 MPH), Distance : 382 ft
Batting: LHB Matt Herndon 0-0: Ball
1-0: Swinging Strike
1-1: Called Strike
1-2: Ball
2-2: Strikes out swinging
Batting: RHB Jose Garduno 0-0: Fly out, F9 (Flyball, 89M, EV 83.1 MPH)
Batting: RHB Ken Beck 0-0: Fly out, F8 (Flyball, 8RM, EV 90.6 MPH)
Bottom of the 7th over - 3 runs, 3 hits, 0 errors, 0 left on base; Palm Beach 4 - Portland 4
TOP OF THE 8TH
Palm Beach Nationals batting - Pitching for Portland Angels : RHP David Celestine
Pinch Hitting: LHB Emery Helm 0-0: Ball
1-0: Called Strike
1-1: Ball
2-1: Foul Ball, location: 2F
2-2: Ball
3-2: Fly out, F4 (Popup, 4MD, EV 49.4 MPH)
Batting: LHB Ken Westfall 0-0: Ball
1-0: Ground out 5-3 (Groundball, 5, EV 94.4 MPH)
Batting: LHB Dusty Jones 0-0: Called Strike
0-1: Foul Ball, location: 2F
0-2: Ball
1-2: Ball
2-2: Ball
3-2: Fly out, F7 (Flyball, 7, EV 94.4 MPH)
Top of the 8th over - 0 runs, 0 hits, 0 errors, 0 left on base; Palm Beach 4 - Portland 4
BOTTOM OF THE 8TH
Portland Angels batting - Pitching for Palm Beach Nationals : LHP Billy Edwards
Now in CF: Vince Parris
Batting: RHB Joe Keough 0-0: Ball
1-0: Called Strike
1-1: Ball
2-1: Foul Ball, location: 2F
2-2: Foul Ball, location: 2F
2-2: Foul Ball, location: 2F
2-2: Ball
3-2: Ground out 6-3 (Groundball, 6, EV 86.9 MPH)
Pinch Hitting: LHB Jon Rahn 0-0: Called Strike
0-1: Ball
1-1: Ball
2-1: Called Strike
2-2: Ball
3-2: Foul Ball, location: 2F
3-2: Foul Ball, location: 2F
3-2: Base on Balls
Batting: RHB Jayden Hollaway 0-0: Ball
1-0: Fielders Choice at 2nd, 6-4 (Groundball, 56, EV 98.8 MPH)
Pinch Hitting: RHB Alex Rosaly 0-0: Fly out, F7 (Flyball, 78S, EV 78.8 MPH)
Bottom of the 8th over - 0 runs, 0 hits, 0 errors, 1 left on base; Palm Beach 4 - Portland 4
TOP OF THE 9TH
Palm Beach Nationals batting - Pitching for Portland Angels : RHP David Celestine
Now at 3B: Alex Rosaly
Now at SS: Eric Hays
Batting: LHB Mike Trentham 0-0: Ball
1-0: Ball
2-0: Ball
3-0: Called Strike
3-1: Base on Balls
Pitching: RHP Hector Agudelo
Batting: RHB Ben Lowe 0-0: Ball
1-0: Foul Ball, location: 2F
1-1: Ball
2-1: Grounds into double play, 5-4-3 (Groundball, 56, EV 79.4 MPH)
Batting: SHB Tim Schulz 0-0: Ball
1-0: Ball
2-0: Swinging Strike
2-1: Foul Ball, location: 2F
2-2: Ball
3-2: Strikes out swinging
Top of the 9th over - 0 runs, 0 hits, 0 errors, 0 left on base; Palm Beach 4 - Portland 4
BOTTOM OF THE 9TH
Portland Angels batting - Pitching for Palm Beach Nationals : LHP Billy Edwards
Batting: RHB Dan Contreras 0-0: Fly out, F6 (Flyball, 6D, EV 85.6 MPH)
Pinch Hitting: LHB Lourens Aukema 0-0: Ball
1-0: Ball
2-0: Called Strike
2-1: Ground out 4-3 (Groundball, 4, EV 102.5 MPH)
Pinch Hitting: RHB Esteban Rangel 0-0: SINGLE (Line Drive, 89M, EV 93.1 MPH)
Batting: RHB Jose Garduno 0-0: Ball
1-0: Foul Ball, location: 2F
1-1: Ball
2-1: Ball
3-1: Reached on error, E6 (Groundball, 6, EV 88.8 MPH)
Esteban Rangel to second
Pinch Hitting: SHB Jonathan Barrie 0-0: Ball
1-0: Called Strike
1-1: Ball
2-1: SINGLE (Line Drive, 6D, EV 94.4 MPH)
Esteban Rangel to third
Jose Garduno to second
Batting: RHB Joe Keough 0-0: Swinging Strike
0-1: Called Strike
0-2: Ball
1-2: Foul Ball, location: 2F
1-2: Foul Ball, location: 2F
1-2: SINGLE (Groundball, 5D, EV 100.6 MPH)
Esteban Rangel scores
Bottom of the 9th over - 1 run, 3 hits, 1 error, 2 left on base; Palm Beach 4 - Portland 5
Sunday, July 16th , 2023 - OOTP Baseball 24.6 Build 69